Map: 2000 Atmospheres LE

Players

A.I. 1 (Very Easy)

  • Race: Protoss Protoss

Jaedolph - Winner!

  • Race: Terran Terran
  • League: Master

VOD

Have the link to the VOD?

Description

Time

  • Played on: Sept. 25, 2021, 1:02 a.m.
  • Length: 10:52
Show
View Real Time Build Order
Export as new Build Order

A.I. 1 (Very Easy) Protoss 

Build Orders: 1 Gate Expand, Nexus First 

Get SALT Encoding   

  12  0:00  Probe  
  13  0:13  Probe  
  14  0:19  Pylon  
  14  0:43  Gateway  
  14  1:00  Nexus  
  14  1:17  Pylon  
  14  1:22  Assimilator  
  14  1:24  Zealot  
  14  1:33  Probe  
  14  1:34  Cybernetics Core  
  17  1:42  Probe  
  18  1:51  Probe  
  18  2:01  Probe, Assimilator  
  20  2:09  Probe  
  20  2:12  Stalker  
  20  2:15  Probe, Warp Gate  
  24  2:23  Probe  
  24  2:28  Probe  
  26  2:39  Probe  
  25  2:46  Probe  
  26  2:52  Assimilator  
  26  2:53  Probe  
  26  2:55  Pylon  
  27  3:00  Probe  
  28  3:08  Probe  
  28  3:11  Probe  
  29  3:18  Robotics Facility  
  30  3:21  Zealot  
  30  3:22  Probe  
  33  3:28  Probe  
  33  3:36  Probe  
  34  3:44  Probe  
  34  3:51  Probe  
  34  3:58  Probe  
  34  4:02  Observer  
  35  4:05  Probe  
  37  4:12  Probe  
  37  4:16  Probe  
  38  4:17  Observer  
  40  4:27  Probe  
  40  4:30  Sentry, Probe  
  43  4:31  Assimilator  
  44  4:41  Probe  
  45  4:48  Probe  
  46  4:55  Probe  
  46  4:59  Pylon  
  47  5:03  Probe  
  48  5:08  Probe  
  49  5:15  Probe  
  50  10:09  Observer  
  50  10:13  Stalker  
  44  10:24  Pylon  
  44  10:26  Robotics Bay  
  44  10:27  Stargate  
Show
View Real Time Build Order
Export as new Build Order

Jaedolph Terran - Winner!

Build Orders: Reaper Expand 

Get SALT Encoding   

  12  0:00  SCV  
  13  0:12  SCV  
  14  0:17  Supply Depot  
  14  0:24  SCV  
  15  0:38  SCV  
  15  0:40  Barracks  
  16  0:44  Refinery  
  16  0:50  SCV  
  17  1:02  SCV  
  18  1:14  SCV  
  19  1:26  Orbital Command  
  19  1:28  Reaper  
  20  1:41  Command Center  
  20  1:52  SCV  
  21  1:55  Supply Depot  
  21  2:00  Marine  
  22  2:05  SCV  
  22  2:08  Factory  
  23  2:17  SCV  
  24  2:23  Bunker, Barracks Reactor  
  24  2:29  Refinery  
  24  2:30  SCV  
  25  2:42  SCV  
  26  2:53  Hellion  
  26  2:54  Orbital Command  
  26  2:55  SCV  
  29  2:59  Marine  
  29  3:00  Starport  
  29  3:02  Marine  
  31  3:08  SCV  
  32  3:15  Factory Tech Lab  
  32  3:20  SCV x2  
  32  3:24  Marine  
  32  3:25  Marine  
  32  3:26  Supply Depot  
  36  3:32  SCV x2  
  38  3:40  Factory Tech Lab  
  38  3:43  Raven  
  38  3:44  SCV x2  
  42  3:50  Supply Depot  
  41  3:56  SCV  
  41  3:57  Marine x2  
  41  4:01  Command Center  
  42  4:03  SCV  
  42  4:08  SCV  
  42  4:09  Siege Tank  
  47  4:15  SCV  
  48  4:18  Marine  
  48  4:19  Marine  
  48  4:20  SCV  
  51  4:28  SCV  
  51  4:30  Barracks  
  52  4:31  Barracks  
  52  4:32  SCV  
  52  4:35  Supply Depot  
  52  4:38  Refinery  
  53  4:39  Marine  
  53  4:40  Refinery, SCV  
  53  4:45  SCV  
  56  4:49  Supply Depot  
  56  4:50  Siege Tank  
  56  4:52  Starport Reactor, SCV  
  60  4:58  Engineering Bay  
  60  5:00  Engineering Bay  
  60  5:05  SCV x2  
  62  5:07  Marine x2  
  64  5:16  Orbital Command, Supply Depot  
  64  5:17  SCV  
  64  5:19  Marine  
  64  5:20  Stimpack  
  66  5:27  Terran Infantry Weapons Level 1, Terran Infantry Armor Level 1  
  66  5:29  SCV  
  66  5:31  Marine  
  66  5:33  Combat Shield  
  66  5:34  Marine  
  66  5:35  Marine  
  70  5:41  SCV  
  70  5:42  SCV  
  72  5:47  Orbital Command  
  72  5:49  Supply Depot  
  72  5:56  Marine x2  
  72  5:57  Medivac x2, Marauder x2  
  78  5:59  SCV  
  78  6:00  SCV  
  84  6:11  SCV, Supply Depot  
  84  6:12  Supply Depot, SCV  
  84  6:13  SCV  
  84  6:18  Marauder  
  89  6:21  Marine x2  
  89  6:22  Marauder, Supply Depot  
  89  6:23  Factory Reactor, SCV  
  89  6:24  SCV  
  89  6:25  SCV  
  96  6:33  Medivac  
  96  6:34  Medivac  
  96  6:35  SCV, Supply Depot x2  
  96  6:36  SCV  
  96  6:38  SCV  
  96  6:39  Marauder  
  105  6:45  Armory  
  105  6:47  SCV  
  105  6:48  Marine x2, SCV  
  105  6:52  Marauder, SCV  
  112  6:57  Barracks, Supply Depot  
  112  6:58  Barracks  
  112  6:59  Supply Depot  
  112  7:00  SCV x2  
  114  7:02  Widow Mine x2  
  114  7:05  Marauder  
  120  7:12  Marine  
  120  7:13  Marine  
  124  7:16  Marauder  
  124  7:17  Medivac x2  
  124  7:18  SCV  
  124  7:19  SCV  
  124  7:21  SCV  
  124  7:22  Refinery x2  
  131  7:24  Supply Depot  
  131  7:30  SCV  
  131  7:31  SCV  
  131  7:33  SCV  
  134  7:37  Terran Infantry Weapons Level 2  
  134  7:45  Terran Infantry Armor Level 2  
  134  7:47  Medivac  
  134  7:48  Barracks Tech Lab  
  134  7:50  Barracks Tech Lab  
  136  7:52  Command Center, SCV  
  136  7:56  Marine x2  
  136  7:57  Marauder x2  
  147  8:09  SCV  
  147  8:10  Starport  
  147  8:11  Ghost Academy  
  147  8:12  Marauder x2  
  148  8:17  Factory Reactor  
  148  8:18  Marauder  
  148  8:19  Marine  
  152  8:20  Marauder, Marine  
  152  8:25  Supply Depot  
  154  8:31  Barracks x2  
  154  8:32  Barracks  
  154  8:33  Viking x2, Marauder, Marine  
  161  8:37  Marine, SCV x3  
  161  8:39  Marauder  
  169  8:41  Marauder  
  169  8:46  Marine, Supply Depot  
  169  8:48  Supply Depot  
  170  8:51  Marauder  
  170  8:55  Marine, Supply Depot  
  174  8:56  Supply Depot  
  174  8:57  Widow Mine  
  174  8:58  Viking, Widow Mine  
  181  9:04  Viking x2, Marine  
  181  9:07  Viking  
  190  9:12  Missile Turret  
  190  9:16  Missile Turret  
  190  9:18  Missile Turret  
  190  9:21  Missile Turret x2  
  190  9:22  Marine x2  
  190  9:23  Unknown  
  190  9:24  Missile Turret, Marauder x3  
  198  9:26  Barracks Tech Lab  
  198  9:27  Barracks Tech Lab  
  198  9:32  Unknown, Barracks Tech Lab  
  198  9:33  Marauder  
  200  9:54  Starport  
Tags
 
Add a new tag
Caveats
  • Supply blocks, unpowered buildings, or Contaminate may cause inaccurate times.
  • Supply counts are checked every 10 seconds.